[Event "Early-Titled-Tuesday-Blitz-October-10-2023"]
[Site "Chess.com"]
[Date "2023.10.10"]
[Round "7"]
[White "AlexandraSamaganova"]
[Black "Treasurechess777"]
[Result "0-1"]
[WhiteElo "2226"]
[BlackElo "2400"]
[TimeControl "180+1"]
[EndTime "9:14:59 PDT"]
[Termination "Treasurechess777 won by checkmate"]

1. c4 Nf6 2. Nc3 e6 3. e4 d6 4. d4 Nbd7 5. Nf3 c5 6. Bd3 cxd4 7. Nxd4 a6 8. O-O Qc7 9. Be3 b6 10. Qd2 Bb7 11. Rfc1 Rc8 12. f3 Be7 13. a4 O-O 14. a5 bxa5 15. Nb3 Ne5 16. Nxa5 Ba8 17. Bf1 Qb8 18. Na4 Bd8 19. b4 Bc7 20. b5 axb5 21. cxb5 Bxa5 22. Qxa5 Rxc1 23. Rxc1 d5 24. Bf4 Nxf3+ 25.
gxf3 Qxf4 26. Rc3 dxe4 27. Qc7 e5 28. b6 Nd5 29. Qc8 Nxc3 30. Qxc3 exf3 31. Nc5 f2# 0-1

[Event "Early-Titled-Tuesday-Blitz-October-10-2023"]
[Site "Chess.com"]
[Date "2023.10.10"]
[Round "7"]
[White "Hilary46"]
[Black "OparinGrigoriy"]
[Result "0-1"]
[WhiteElo "2668"]
[BlackElo "2987"]
[TimeControl "180+1"]
[EndTime "9:15:00 PDT"]
[Termination "OparinGrigoriy won by resignation"]

1. e4 c5 2. Nf3 Nc6 3. d4 cxd4 4. Nxd4 e5 5. Nb5 d6 6. c4 g6 7. N1c3 a6 8. Na3 Bg7 9. Nc2 Nf6 10. Be2 O-O 11. O-O Be6 12. Be3 Rc8 13. Qd2 Qa5 14. b4 Qd8 15. Nd5 Nxe4 16. Qd3 Bf5 17. Bb6 Qd7 18.
Nce3 Nd4 19. Bxd4 exd4 20. Nxf5 gxf5 21. Bf3 Qe6 22. Rfe1 Rfe8 23. a4 b5 24. axb5 axb5 25. Nb6 bxc4 26. Qa3 Rb8 27. Qa6 d3 28. Nxc4 Bxa1 29.
Rxa1 Rxb4 30. Ne3 d2 31. Qd3 Qe5 32. Rd1 Rd4 33. Qb3 Rc8 34. Bxe4 Qxe4 35. Qc3 Rxc3 0-1

[Event "Early-Titled-Tuesday-Blitz-October-10-2023"]
[Site "Chess.com"]
[Date "2023.10.10"]
[Round "7"]
[White "Cayse"]
[Black "attack2mateU"]
[Result "1-0"]
[WhiteElo "2851"]
[BlackElo "2741"]
[TimeControl "180+1"]
[EndTime "9:15:01 PDT"]
[Termination "Cayse won by resignation"]

1. e4 c5 2. Nf3 d6 3. Bb5+ Bd7 4. Bxd7+ Nxd7 5. O-O Ngf6 6. Qe2 e6 7. d4 cxd4 8.
Nxd4 Rc8 9. c4 Be7 10. b3 Qa5 11. Bb2 O-O 12. Nc3 Rfe8 13. Rad1 a6 14. Kh1 Qh5 15. f3 Bd8 16. g4 Qh4 17. Qg2 Bc7 18. Bc1 Ne5 19.
Bf4 Ng6 20. Bg3 Qg5 21. Nce2 d5 22. e5 Nxe5 23. f4 Qxg4 24. h3 Qh5 25. fxe5 Bxe5 26. Rg1 Ne4 27. Bh2 g6 28. Rdf1 f5 29. Bxe5 1-0

[Event "Early-Titled-Tuesday-Blitz-October-10-2023"]
[Site "Chess.com"]
[Date "2023.10.10"]
[Round "7"]
[White "Beca95"]
[Black "borocotoajua"]
[Result "1-0"]
[WhiteElo "2878"]
[BlackElo "2578"]
[TimeControl "180+1"]
[EndTime "9:15:01 PDT"]
[Termination "Beca95 won on time"]

1. e4 c6 2. d4 d5 3. e5 c5 4. Nf3 Nc6 5. dxc5 Bg4 6. c3 e6 7. b4 Nge7 8. Bb5 Ng6 9. Nbd2 Qc7 10. h3 Bf5 11. O-O Be7 12. Re1 O-O 13. g4 Be4 14.
Nxe4 dxe4 15. Rxe4 a5 16. Qe2 Rfd8 17. a3 Bf8 18. h4 Nge7 19. h5 Nd5 20. Bd2 b6 21.
cxb6 Qxb6 22. Rc1 Rab8 23. Bc4 Nce7 24. Bd3 Rbc8 25. Rd4 h6 26. Qe4 f5 27. exf6 Nxf6 28. Qe2 Ned5 29. c4 Ne7 30. c5 Qc6 31. Ne5 Qa8 32.
Rxd8 Rxd8 33. Bc4 Ned5 34. Ng6 axb4 35. Qxe6+ Kh7 36. Bd3 Nc7 37. Nxf8+ Kh8 38. Ng6+ Kh7 39. Qe2 Kg8 40. axb4 Ncd5 41. Bc4 1-0

[Event "Early-Titled-Tuesday-Blitz-October-10-2023"]
[Site "Chess.com"]
[Date "2023.10.10"]
[Round "7"]
[White "FairChess_on_YouTube"]
[Black "Dedic8"]
[Result "1-0"]
[WhiteElo "3060"]
[BlackElo "2856"]
[TimeControl "180+1"]
[EndTime "9:15:02 PDT"]
[Termination "FairChess_on_YouTube won on time"]

1. d4 Nf6 2. c4 e6 3. Nf3 d5 4.
Bg5 dxc4 5. e4 c5 6. Nc3 cxd4 7.
Qxd4 Qxd4 8. Nxd4 a6 9. Bxc4 b5 10. Be2 Bb7 11. f3 Nbd7 12. Nb3 Rc8 13. Kf2 h6 14.
Be3 g5 15. Na5 Ba8 16. a4 Bb4 17. axb5 Bxc3 18. bxc3 axb5 19. Rhc1 Ke7 20. Bxb5 Rc7 21. c4 Rhc8 22. Bd4 Ne8 23. Nb3 Nd6 24. Bxd7 Rxd7 25. Bc5 Ke8 26. Bxd6 Rxd6 27. Ra7 Rd3 28. Na5 Rd2+ 29.
Kg3 h5 30. c5 h4+ 31. Kh3 Bc6 32. Nc4 Rcd8 33. Nd6+ Kf8 34. Nxf7 R8d3 35. Nxg5 1-0

[Event "Early-Titled-Tuesday-Blitz-October-10-2023"]
[Site "Chess.com"]
[Date "2023.10.10"]
[Round "7"]
[White "GeorgiosSouleidis"]
[Black "Fandorine"]
[Result "0-1"]
[WhiteElo "2648"]
[BlackElo "2908"]
[TimeControl "180+1"]
[EndTime "9:15:02 PDT"]
[Termination "Fandorine won on time"]

1. e4 g6 2. d4 Bg7 3. Nc3 d6 4. Nf3 Nf6 5. Be2 O-O 6. O-O Nbd7 7. Re1 e5 8. dxe5 dxe5 9. Bc4 Qe7 10. a4 Nb6 11. Bb3 Be6 12. Bxe6 Qxe6 13. a5 Nc4 14. b3 Rfd8 15. Qe2 Nd6 16. a6 b6 17. Bg5 c6 18.
Rad1 h6 19. Bxf6 Bxf6 20. Rd2 Ne8 21. Rxd8 Rxd8 22. Rd1 Nc7 23. Rxd8+ Bxd8 24. Qd2 Bf6 25.
Qxh6 Nxa6 26. Ng5 Bxg5 27. Qxg5 Qd6 28. h4 Nc7 29. h5 Ne6 30. Qf6 gxh5 31. Kh2 Qd4 32. Qf3 Kf8 33. Ne2 Qd2 34. Ng3 h4 35.
Nf5 Qf4+ 36. Qxf4 exf4 0-1

[Event "Early-Titled-Tuesday-Blitz-October-10-2023"]
[Site "Chess.com"]
[Date "2023.10.10"]
[Round "7"]
[White "LUISMIGUELOV"]
[Black "Irina_Mikhaylova"]
[Result "0-1"]
[WhiteElo "2136"]
[BlackElo "2302"]
[TimeControl "180+1"]
[EndTime "9:15:02 PDT"]
[Termination "Irina_Mikhaylova won on time"]

1. d4 c5 2. d5 d6 3. e4 e5 4. dxe6 Bxe6 5. c4 Nc6 6. Nc3 Nf6 7. Bd3 g6 8. Nge2 Bg7 9. Bg5 h6 10. Bh4 O-O 11. Nd5 Bxd5 12. cxd5 Qa5+ 13. Qd2 Qxd2+ 14.
Kxd2 Ne5 15. Nc3 Rfe8 16. f3 a6 17. a4 Nfd7 18. Bg3 c4 19. Be2 Nc5 20. Bxe5 Nb3+ 21. Kd1 Bxe5 22. Rb1 Bxc3 23. bxc3 b5 24. Kc2 Rec8 25.
Rb2 Rab8 26. Ra2 b4 27. cxb4 Nd4+ 28. Kc3 Nxe2+ 29. Rxe2 f5 30. exf5 gxf5 31. Re6 Kf7 32. Rhe1 a5 33. b5 Rc5 34. Rxd6 Rg8 35. g3 f4 36. g4 Rg5 37. Ree6 Rgxd5 38. Rxd5 Rxd5 39. Rxh6 Rd3+ 40. Kxc4 Rxf3 41. b6 Rf1 42. b7 Rb1 43. Rh7+ Kg6 44. Re7 f3 45. Kd3 f2 46. b8=Q f1=Q+ 0-1

[Event "Early-Titled-Tuesday-Blitz-October-10-2023"]
[Site "Chess.com"]
[Date "2023.10.10"]
[Round "7"]
[White "ArtemDyachuk"]
[Black "Denis_Makhnyov"]
[Result "1-0"]
[WhiteElo "2681"]
[BlackElo "2924"]
[TimeControl "180+1"]
[EndTime "9:15:04 PDT"]
[Termination "ArtemDyachuk won on time"]

1. e4 e5 2. Nf3 Nc6 3. Bb5 a6 4. Ba4 Nf6 5. d3 b5 6. Bb3 Be7 7. Nc3 d6 8. a3 Bg4 9. Be3 Nd4 10. Bxd4 exd4 11. Nd5 c5 12. h3 Be6 13. O-O O-O 14.
Re1 Nd7 15. a4 Rc8 16. axb5 axb5 17. Ra7 Re8 18. Nxe7+ Qxe7 19. Bd5 Qf6 20. Bxe6 Qxe6 21. Qd2 h6 22. Nh4 Nf6 23. Rea1 b4 24. Nf5 Rc6 25.
Qf4 Kh7 26. R1a6 Rec8 27. b3 d5 28. Rxc6 Qxc6 29. Ne7 Nh5 30. Qf5+ 1-0

[Event "Early-Titled-Tuesday-Blitz-October-10-2023"]
[Site "Chess.com"]
[Date "2023.10.10"]
[Round "7"]
[White "Happy1712Drummer"]
[Black "DonCiao"]
[Result "0-1"]
[WhiteElo "2365"]
[BlackElo "2086"]
[TimeControl "180+1"]
[EndTime "9:15:06 PDT"]
[Termination "DonCiao won on time"]

1. e4 c5 2. Nf3 Nc6 3. c3 Nf6 4. e5 Nd5 5. d4 cxd4 6. Bc4 Nb6 7.
Bb3 d5 8. exd6 Qxd6 9. O-O Be6 10. Na3 dxc3 11. Bxe6 Qxe6 12. bxc3 Rd8 13. Qc2 Qd7 14.
Be3 e6 15. Nb5 Nd5 16. Bxa7 Nxa7 17. Nxa7 Ra8 18. Rfd1 Rxa7 19. c4 Qc7 20. Qb2 Nf6 21.
Qb5+ Qc6 22. Qg5 Be7 23. Ne5 Qe4 24. Qxg7 Rf8 25. Re1 Rxa2 26. Rad1 Re2 27. Rf1 Qxe5 28. h3 Rg8 29. Qh6 Qg5 30. Qxg5 Rxg5 31. Rb1 Ne4 32.
Rxb7 Nd2 33. Rfb1 Nxc4 0-1

[Event "Early-Titled-Tuesday-Blitz-October-10-2023"]
[Site "Chess.com"]
[Date "2023.10.10"]
[Round "7"]
[White "DenLaz"]
[Black "ozates"]
[Result "1-0"]
[WhiteElo "3059"]
[BlackElo "2764"]
[TimeControl "180+1"]
[EndTime "9:15:07 PDT"]
[Termination "DenLaz won by resignation"]

1. d4 Nf6 2. c4 e6 3. Nc3 d5 4. cxd5 Nxd5 5. e4 Nxc3 6. bxc3 c5 7. Nf3 cxd4 8. cxd4 Bb4+ 9. Bd2 Bxd2+ 10. Qxd2 O-O 11. Bc4 Nd7 12. O-O b6 13. Rfe1 Bb7 14. Rad1 Rc8 15. Bb3 Re8 16. Re3 b5 17. d5 Nc5 18. Bc2 exd5 19.
exd5 Qd6 20. Qd4 h6 21. Bf5 Rcd8 22. Rxe8+ Rxe8 23. h3 a5 24. Bb1 b4 25. Nh4 Re5 26. Nf5 Qxd5 27. Qxd5 Bxd5 28. Rxd5 Re1+ 29. Kh2 Rxb1 30.
Rxc5 a4 31. Ra5 a3 32. Nd4 Rb2 33. Nc6 Rb1 34. Ra4 Rb2 35. Nxb4 Rxf2 36. Rxa3 Rb2 37. Rb3 Rd2 38. a4 f5 39. a5 g5 40. a6 1-0

[Event "Early-Titled-Tuesday-Blitz-October-10-2023"]
[Site "Chess.com"]
[Date "2023.10.10"]
[Round "7"]
[White "BigAl"]
[Black "Tsyhanchuk_Stanislav"]
[Result "1-0"]
[WhiteElo "2601"]
[BlackElo "2460"]
[TimeControl "180+1"]
[EndTime "9:15:07 PDT"]
[Termination "BigAl won by resignation"]

1. Nf3 Nf6 2. g3 d5 3. Bg2 c5 4. O-O Nc6 5. d3 e6 6. Nbd2 Be7 7. e4 O-O 8. Re1 Qc7 9. e5 Nd7 10. Qe2 b5 11. Nf1 Bb7 12. Bf4 Rfb8 13. h4 Qd8 14. N1h2 h6 15. Ng4 Bf8 16. Qd2 Kh7 17. Rad1 d4 18.
c3 Nb6 19. Qe2 Ne7 20. cxd4 cxd4 21. Bxh6 gxh6 22. Nf6+ Kh8 23. Ng5 Qc7 24. Nxf7+ Kg7 25. Bxb7 Rxb7 26. Qh5 Nf5 27. Re4 Qxf7 28. Rg4+ Kh8 29.
Rg6 Bg7 30. g4 Nxh4 31. Rxh6+ Bxh6 32. Qxh6+ Qh7 33. Nxh7 Rxh7 34. Qf6+ Kg8 35. Qxe6+ Kh8 36. Qf6+ Kg8 37. f4 Rf8 38. Qg5+ Kh8 39. Kf2 Ng6 40. Qxg6 Rxf4+ 41. Kg3 Rf8 42. e6 Nd5 43. Rc1 Ne3 44.
e7 Rxe7 45. Rh1+ 1-0

[Event "Early-Titled-Tuesday-Blitz-October-10-2023"]
[Site "Chess.com"]
[Date "2023.10.10"]
[Round "7"]
[White "DerKnipser"]
[Black "jaskol95"]
[Result "1/2-1/2"]
[WhiteElo "2467"]
[BlackElo "2590"]
[TimeControl "180+1"]
[EndTime "9:15:08 PDT"]
[Termination "Game drawn by repetition"]

1. e4 d5 2. exd5 Nf6 3. Nc3 Nxd5 4. Nf3 Nxc3 5. bxc3 g6 6. d4 Bg7 7. Bc4 O-O 8. O-O c5 9. Re1 Nc6 10. Bg5 Bg4 11. h3 Bxf3 12. Qxf3 cxd4 13. cxd4 Nxd4 14. Qe4 Qc7 15. c3 Qxc4 16. cxd4 e6 17. Qxb7 Qxd4 18. Rad1 Qb6 19. Qf3 Qa5 20. Be7 Rfe8 21. a3 Rac8 22.
Bb4 Qa4 23. Rc1 a5 24. Rxc8 Rxc8 25. Qb7 Re8 26. Qa6 Bd4 27. Qxa5 Qc2 28. Qb5 Qxf2+ 29. Kh2 Rc8 30. Rf1 Qe3 31. Bd6 Rd8 32. Qb7 f5 33. Qe7 Rxd6 34. Qe8+ Kg7 35. Qe7+ Kh6 36. Qh4+ Kg7 37.
Qe7+ Kg8 38. Qe8+ Kg7 39. Qe7+ 1/2-1/2

[Event "Early-Titled-Tuesday-Blitz-October-10-2023"]
[Site "Chess.com"]
[Date "2023.10.10"]
[Round "7"]
[White "mortngabriel"]
[Black "Xqswdc"]
[Result "0-1"]
[WhiteElo "2509"]
[BlackElo "2342"]
[TimeControl "180+1"]
[EndTime "9:15:10 PDT"]
[Termination "Xqswdc won on time"]

1. e4 g6 2. d4 Bg7 3. Nf3 c6 4.
Bd3 d5 5. e5 Nh6 6. O-O Bg4 7.
Nbd2 Nf5 8. h3 Bxf3 9. Nxf3 e6 10. c3 Nd7 11. Bg5 Qb6 12. g4 Ne7 13. Qd2 h6 14. Bxe7 Kxe7 15. a4 c5 16. a5 Qc7 17. b4 cxd4 18.
cxd4 Rhc8 19. Rfc1 Qd8 20. b5 Kf8 21. h4 Kg8 22.
Kg2 Rxc1 23. Rxc1 Rc8 24. Rc3 Bf8 25. Qc2 Rxc3 26. Qxc3 Be7 27. Kg3 Nb8 28. h5 g5 29.
Bb1 Bf8 30. Ne1 a6 31. Bd3 axb5 32. Bxb5 Na6 33. Nd3 Nc7 34. Ba4 Na6 35. Bb5 Qc7 36.
Qd2 Be7 37. Bxa6 bxa6 38. Nb4 Qc4 39. Nd3 Qxd4 40. Qc2 Qc4 41. Qb1 Qc7 42. Qa2 Bd8 43.
Qa4 Kf8 44. Qa3+ Be7 45. Qa4 Bd8 46. Qa3+ Ke8 47. Qa4+ Qd7 48. Qa3 Qb5 49. Qc3 Qxa5 50. Nc5 Qxc3+ 0-1

[Event "Early-Titled-Tuesday-Blitz-October-10-2023"]
[Site "Chess.com"]
[Date "2023.10.10"]
[Round "7"]
[White "Politov_Pavel"]
[Black "Mystery2007"]
[Result "0-1"]
[WhiteElo "2085"]
[BlackElo "2481"]
[TimeControl "180+1"]
[EndTime "9:15:10 PDT"]
[Termination "Mystery2007 won on time"]

1. e4 c5 2. Nf3 b6 3. d4 cxd4 4. Nxd4 Bb7 5. Bd3 a6 6. O-O e6 7.
Be3 d6 8. Kh1 Nf6 9. f4 Nxe4 10.
f5 e5 11. Ne6 fxe6 12. Qh5+ Kd7 13. fxe6+ Kc8 14. Bxe4 Bxe4 15. Qg4 Bxg2+ 16. Kxg2 Kb7 17. Qf3+ Nc6 18. Nc3 Be7 19. Qd5 Rf8 20. Rf7 Rxf7 21.
exf7 Qd7 22. Rf1 Qg4+ 23. Kh1 Rf8 24. Ne4 Qe2 25. Nxd6+ Bxd6 0-1

[Event "Early-Titled-Tuesday-Blitz-October-10-2023"]
[Site "Chess.com"]
[Date "2023.10.10"]
[Round "7"]
[White "wannabe2700"]
[Black "kacprekt"]
[Result "0-1"]
[WhiteElo "2643"]
[BlackElo "2480"]
[TimeControl "180+1"]
[EndTime "9:15:11 PDT"]
[Termination "kacprekt won by resignation"]

1. Nf3 Nf6 2. Ne5 d6 3. Nxf7 Kxf7 4. e4 e6 5. Nc3 Nbd7 6. d4 g6 7. f4 Bg7 8. e5 Nh5 9. Qf3 Rf8 10. g4 Qh4+ 11. Ke2 Nxf4+ 12. Bxf4 Kg8 13. Qg3 Qxg3 14. Bxg3 dxe5 15. Ne4 exd4 16. Bxc7 Nf6 17. Nxf6+ Bxf6 18. Bg2 e5 19. h3 Kg7 20. c3 Be6 21. Bxb7 Rae8 22.
Bd6 Bc4+ 23. Kd1 Rf7 24. Be4 Rd8 25. Ba3 Bg5 26. b3 dxc3+ 27. Kc2 Rf2+ 28. Kb1 Rdd2 29. Kc1 Rxa2+ 30. Kb1 Rfb2+ 0-1

[Event "Early-Titled-Tuesday-Blitz-October-10-2023"]
[Site "Chess.com"]
[Date "2023.10.10"]
[Round "7"]
[White "IngOscarArdila"]
[Black "Tonychess32"]
[Result "0-1"]
[WhiteElo "2315"]
[BlackElo "2496"]
[TimeControl "180+1"]
[EndTime "9:15:13 PDT"]
[Termination "Tonychess32 won by resignation"]

1. d4 e6 2. c4 Nf6 3. Nc3 d5 4.
Bg5 Be7 5. Nf3 Ne4 6. Bxe7 Qxe7 7.
Nxe4 dxe4 8. Nd2 f5 9. e3 O-O 10. Qc2 Nd7 11. g3 e5 12. O-O-O exd4 13. exd4 c5 14. Nb3 cxd4 15. Nxd4 Nc5 16. Kb1 Bd7 17.
Be2 Rac8 18. b3 Ne6 19. Qb2 a6 20. Nxe6 Qxe6 21. Rd4 Bc6 22. Rhd1 f4 23. Rd6 Qe7 24. Bg4 Rcd8 25. Rxd8 Rxd8 26. Rxd8+ Qxd8 27. gxf4 Qd3+ 28. Qc2 Qf1+ 29. Kb2 Qg2 30. Be6+ Kf8 31. Qd2 Ke7 32. f5 Qxh2 33. Qd4 Qg2 34. c5 Qg5 35. Qd6+ Ke8 36.
Qd4 Qf6 37. Kc3 Ke7 38. a4 h5 39. Qxf6+ Kxf6 40. Kd2 h4 41. Ke1 h3 42. Kf1 e3 43.
Kg1 exf2+ 44. Kxf2 h2 0-1

[Event "Early-Titled-Tuesday-Blitz-October-10-2023"]
[Site "Chess.com"]
[Date "2023.10.10"]
[Round "7"]
[White "tdf98pantani"]
[Black "GalaxyRoman"]
[Result "1-0"]
[WhiteElo "2648"]
[BlackElo "2788"]
[TimeControl "180+1"]
[EndTime "9:15:15 PDT"]
[Termination "tdf98pantani won on time"]

1. d4 Nf6 2. c4 e6 3. Nc3 Bb4 4. Qc2 O-O 5. Nf3 b6 6. Bg5 Bb7 7. Nd2 h6 8. Bh4 d6 9. e3 c5 10. Bd3 cxd4 11. exd4 Nc6 12. Nb3 e5 13. O-O Nxd4 14.
Nxd4 exd4 15. Be4 dxc3 16. Bxb7 cxb2 17. Qxb2 Rb8 18. Bd5 Bc5 19. Qc2 Re8 20. Rae1 Rxe1 21. Rxe1 Bd4 22. Qd2 Bc5 23. Qd3 Kh8 24. Bxf7 Qf8 25.
Qg6 Nh7 26. Be7 Qc8 27. Bd5 1-0

[Event "Early-Titled-Tuesday-Blitz-October-10-2023"]
[Site "Chess.com"]
[Date "2023.10.10"]
[Round "7"]
[White "Zhigalko_Sergei"]
[Black "ploxoi"]
[Result "1-0"]
[WhiteElo "2926"]
[BlackElo "2453"]
[TimeControl "180+1"]
[EndTime "9:15:15 PDT"]
[Termination "Zhigalko_Sergei won by resignation"]

1. e4 c5 2. Nf3 e6 3. c3 d5 4. e5 Nc6 5. d4 Qb6 6. Bd3 cxd4 7. O-O Bd7 8. Re1 Rc8 9. h4 Nge7 10. h5 h6 11. a3 dxc3 12. Nxc3 Na5 13. Be3 Qxb2 14. Nb5 Bxb5 15. Rb1 Qxa3 16. Bxb5+ Nac6 17. Nd4 a6 18. Bf1 Nxd4 19. Bxd4 Nc6 20. Rxb7 Bb4 21. Re3 Qa2 22. Rg3 Nxd4 23. Qxd4 Bc5 24. Qf4 Rf8 25. Rf3 f6 26. Qg4 fxe5 27. Qxe6+ 1-0

[Event "Early-Titled-Tuesday-Blitz-October-10-2023"]
[Site "Chess.com"]
[Date "2023.10.10"]
[Round "7"]
[White "campochess"]
[Black "kidagent"]
[Result "0-1"]
[WhiteElo "2124"]
[BlackElo "2256"]
[TimeControl "180+1"]
[EndTime "9:15:15 PDT"]
[Termination "kidagent won on time"]

1. d4 d5 2. Bg5 f6 3. Bd2 Nc6 4. c3 e5 5. e3 Nh6 6. e4 Nf7 7. exd5 Qxd5 8. Qf3 Be6 9. Qxd5 Bxd5 10. Ne2 O-O-O 11.
Be3 f5 12. f4 exd4 13. Nxd4 Re8 14. Kd2 Nd6 15. Bd3 Bxg2 16. Rg1 Be4 17. Na3 g6 18. Nab5 a6 19. Nxc6 axb5 20. Ne5 Bg7 21. Bd4 Re7 22. a4 b4 23. a5 Rd8 24. a6 bxc3+ 25.
Kxc3 b6 26. a7 Kb7 27. Rge1 c5 28. Bf2 Ra8 29. Bxe4+ Nxe4+ 30. Rxe4 fxe4 31. Kc4 Bxe5 32. fxe5 Rxa7 33. Rxa7+ Kxa7 34. Kd5 Kb7 35. Bh4 Re8 36. Kxe4 Kc6 0-1

[Event "Early-Titled-Tuesday-Blitz-October-10-2023"]
[Site "Chess.com"]
[Date "2023.10.10"]
[Round "7"]
[White "LileKoridze"]
[Black "DanyKopy"]
[Result "1-0"]
[WhiteElo "2350"]
[BlackElo "2547"]
[TimeControl "180+1"]
[EndTime "9:15:16 PDT"]
[Termination "LileKoridze won on time"]

1. d4 Nf6 2. c4 g6 3. Nc3 d5 4.
cxd5 Nxd5 5. Bd2 Bg7 6. e4 Nb6 7. d5 O-O 8. Nf3 c6 9. dxc6 Nxc6 10. Be2 Bg4 11. O-O Bxf3 12. Bxf3 Nc4 13. Bc1 Qxd1 14. Rxd1 Rfd8 15. Rb1 Rxd1+ 16. Bxd1 Rd8 17. Bc2 Nd4 18. Bd1 Nb5 19. Nd5 e6 20. Bg5 Rd6 21. Nf6+ Kh8 22.
Bb3 Nd2 23. Rc1 Rc6 24. Rd1 Rd6 25. e5 Rd4 26. Rxd2 Rxd2 27. Bxd2 Nd4 28. Kf1 Nc6 29. f4 Bf8 30. Ne4 Nd4 31. Bc3 Nf5 32. Ke2 Kg7 33.
g4 Nh4 34. Be1 Ng2 35. Bg3 1-0

[Event "Early-Titled-Tuesday-Blitz-October-10-2023"]
[Site "Chess.com"]
[Date "2023.10.10"]
[Round "7"]
[White "GMBenjaminBok"]
[Black "Man-Chuk"]
[Result "1-0"]
[WhiteElo "3018"]
[BlackElo "2760"]
[TimeControl "180+1"]
[EndTime "9:15:21 PDT"]
[Termination "GMBenjaminBok won on time"]

1. d4 Nf6 2. c4 e6 3. Nc3 Bb4 4. Qc2 O-O 5. a3 Bxc3+ 6. Qxc3 d5 7. Bg5 dxc4 8. Qxc4 b6 9. Rd1 Ba6 10. Qa4 h6 11.
Bh4 Qd7 12. Qc2 Rc8 13. Bxf6 gxf6 14. e4 c5 15. d5 f5 16. Bxa6 Nxa6 17. d6 fxe4 18.
Qxe4 Qc6 19. Qg4+ Kh7 20. Nf3 Rg8 21. Qf4 Rxg2 22. d7 Rd8 23. Ne5 Qb7 24. f3 Rg7 25. Qf6 Qb8 26. Kf2 Rdg8 27. d8=Q Rg2+ 28. Kf1 Rxd8 29. Rxd8 1-0

[Event "Early-Titled-Tuesday-Blitz-October-10-2023"]
[Site "Chess.com"]
[Date "2023.10.10"]
[Round "7"]
[White "DeArron_Fox"]
[Black "astralpulse"]
[Result "0-1"]
[WhiteElo "2531"]
[BlackElo "2712"]
[TimeControl "180+1"]
[EndTime "9:15:21 PDT"]
[Termination "astralpulse won on time"]

1. d4 d5 2. c4 e6 3. Nc3 Nf6 4. cxd5 exd5 5. Bg5 Be7 6. e3 c6 7. Bd3 Nbd7 8. Qc2 Nh5 9. Bxe7 Qxe7 10. Nge2 g6 11.
O-O Nb6 12. Rae1 O-O 13. Nc1 Ng7 14. f3 c5 15. dxc5 Qxc5 16. Nb3 Qd6 17. e4 Be6 18.
e5 Qe7 19. Nd4 Rac8 20. f4 Qb4 21. Qf2 Nc4 22. Re2 Nxb2 23. Nxd5 Nxd3 24. Nxb4 Nxf2 25. Rexf2 Rc4 26. Nxe6 fxe6 27. Rb2 Nf5 28. g3 Rd8 29.
Rff2 h5 30. Kg2 h4 31. Nc2 Rdc8 32. Ne1 Ne3+ 33. Kf3 Nd1 34. Rxb7 Nxf2 35. Kxf2 R8c7 36. Rb8+ Kg7 37. Nf3 Rc2+ 38. Ke1 Rxa2 39. Kd1 hxg3 40.
hxg3 Rc3 41. Ng5 Rxg3 42. Nxe6+ Kf7 43. Ng5+ Ke7 44. Rb7+ Ke8 45. Rb8+ Kd7 0-1

[Event "Early-Titled-Tuesday-Blitz-October-10-2023"]
[Site "Chess.com"]
[Date "2023.10.10"]
[Round "7"]
[White "CSB7"]
[Black "Ural_bogatyr"]
[Result "1-0"]
[WhiteElo "2756"]
[BlackElo "2530"]
[TimeControl "180+1"]
[EndTime "9:15:24 PDT"]
[Termination "CSB7 won on time"]

1. Nf3 d5 2. e3 Nf6 3. c4 e6 4. Nc3 c5 5. cxd5 exd5 6. d4 Nc6 7. Bb5 cxd4 8. Nxd4 Bd7 9. O-O Bd6 10. Nf3 Be6 11.
b3 O-O 12. Bb2 Rc8 13. Rc1 a6 14. Be2 h6 15. Re1 Re8 16. Nd4 Bb8 17. Nxc6 Rxc6 18. Bf3 Ba7 19. Ne2 Rxc1 20. Qxc1 Ne4 21. Rd1 Ng5 22.
Nf4 Nxf3+ 23. gxf3 Qg5+ 24. Kh1 Rc8 25. Qd2 d4 26.
Bxd4 Rd8 27. Qc3 Bxd4 28. Rxd4 Rc8 29. Qd2 Bf5 30. e4 1-0

[Event "Early-Titled-Tuesday-Blitz-October-10-2023"]
[Site "Chess.com"]
[Date "2023.10.10"]
[Round "7"]
[White "DawidCzerw"]
[Black "MightyGMpretender"]
[Result "0-1"]
[WhiteElo "2537"]
[BlackElo "2747"]
[TimeControl "180+1"]
[EndTime "9:15:25 PDT"]
[Termination "MightyGMpretender won on time"]

1. e4 c5 2. Nf3 d6 3. d4 cxd4 4. Nxd4 Nf6 5. Nc3 a6 6. h4 Nc6 7. h5 h6 8. Nxc6 bxc6 9. e5 Ng4 10. exd6 exd6 11. Be2 Nf6 12. Be3 d5 13. Na4 Rb8 14.
c3 Bd6 15. Qc2 O-O 16. Nc5 Re8 17. b4 Ng4 18. Bxg4 Bxg4 19. Kf1 a5 20. a3 Qf6 21. Re1 axb4 22. axb4 Ra8 23. f3 Bf5 24. Qd2 Be5 25. Rc1 Rad8 26. Bd4 Bxd4 27. cxd4 Ra8 28. Kf2 Ra3 29. Rce1 Rea8 30. Re2 Ra2 31. Qc3 Rxe2+ 32. Kxe2 Ra2+ 33. Kf1 Qe7 34. Kg1 Qe2 0-1

[Event "Early-Titled-Tuesday-Blitz-October-10-2023"]
[Site "Chess.com"]
[Date "2023.10.10"]
[Round "7"]
[White "topin8"]
[Black "ama18"]
[Result "1-0"]
[WhiteElo "2451"]
[BlackElo "2534"]
[TimeControl "180+1"]
[EndTime "9:15:26 PDT"]
[Termination "topin8 won by resignation"]

1. e4 c5 2. Nf3 d6 3. c3 Nf6 4.
Be2 g6 5. O-O Bg7 6. Bb5+ Nc6 7.
d3 O-O 8. Re1 Bg4 9. h3 Bxf3 10.
Qxf3 Rc8 11. Bf4 Nd7 12. Nd2 a6 13. Ba4 b5 14. Bb3 Nde5 15. Qe2 Kh8 16. a3 Qd7 17. Bg3 Qb7 18. f4 Nd7 19. Nf3 Na5 20. Bd5 Qc7 21.
Kh1 e6 22. Ba2 c4 23. d4 Rce8 24. Rad1 f5 25. exf5 gxf5 26. Ng5 Rf6 27. Qh5 Nf8 28. Qxe8 Qc6 29. Qxc6 Nxc6 30. d5 exd5 31. Rxd5 Kg8 32. Bb1 h6 33. Nf3 Rg6 34. Bh4 Re6 35. Rxe6 Nxe6 36.
Bg3 Bf8 37. Bxf5 Nc5 38. Nd4 Ne7 39. Rxc5 dxc5 40. Be6+ Kh7 41. Nf5 Nc6 42. Bd5 Na5 43.
Be4 Kg8 44. Bh4 Kf7 45. Ne3 Bd6 46. Bd5+ Kg6 47. f5+ Kh7 48. f6 Nb3 49. f7 Nc1 50. Nf5 Bf8 51. Be7 Bxe7 52. Nxe7 Kg7 53. Ng6 1-0

[Event "Early-Titled-Tuesday-Blitz-October-10-2023"]
[Site "Chess.com"]
[Date "2023.10.10"]
[Round "7"]
[White "Goi_Manne"]
[Black "stratacticos"]
[Result "1-0"]
[WhiteElo "2293"]
[BlackElo "1790"]
[TimeControl "180+1"]
[EndTime "9:15:26 PDT"]
[Termination "Goi_Manne won on time"]

1. e4 c5 2. Nf3 Nc6 3. d4 cxd4 4. Nxd4 e5 5. Nb5 d6 6. N1c3 a6 7. Na3 b5 8. Nd5 Nce7 9. Bg5 f6 10. Be3 Rb8 11. Be2 Be6 12. O-O Bxd5 13. exd5 Nf5 14. Qd3 Nxe3 15. Qxe3 Qb6 16. Qxb6 Rxb6 17. f4 exf4 18.
Rae1 Kf7 19. Rxf4 Ne7 20. Rd4 g6 21. c4 b4 22. Nc2 Nf5 23. Rd3 a5 24. Bg4 Be7 25.
Bxf5 gxf5 26. Nd4 f4 27. Rf1 Rc8 28. Nc6 Rbxc6 29. dxc6 Rxc6 30. Rxf4 Bd8 31. Rh4 Bb6+ 32. Kf1 Kg6 33. Rg3+ Kf5 34. Rf3+ Kg6 35. Rhf4 Bd8 36. b3 a4 37. Rg4+ Kf7 38. Rh4 Kg6 39. Rfh3 axb3 40.
axb3 Ra6 41. Rh6+ Kf5 42. Rxh7 Ra1+ 43. Ke2 Ra2+ 44. Kf3 Rb2 45. R7h5+ Ke6 46. Ke4 1-0

[Event "Early-Titled-Tuesday-Blitz-October-10-2023"]
[Site "Chess.com"]
[Date "2023.10.10"]
[Round "7"]
[White "Anton_Demchenko"]
[Black "Legendinunknown"]
[Result "1-0"]
[WhiteElo "3015"]
[BlackElo "2828"]
[TimeControl "180+1"]
[EndTime "9:15:27 PDT"]
[Termination "Anton_Demchenko won by resignation"]

1. e4 c5 2. Nf3 d6 3. d4 cxd4 4. Nxd4 Nf6 5. Nc3 Nc6 6. Bg5 Bd7 7. Nb3 a6 8. Be2 e6 9. O-O Be7 10. Bxf6 gxf6 11. Bh5 Rg8 12. Kh1 Qc7 13. f4 Rg7 14. f5 O-O-O 15. Ne2 Rdg8 16. Nf4 Kb8 17. Bxf7 Rxf7 18. fxe6 Rfg7 19. exd7 Qxd7 20. Rf2 Bd8 21. Nd5 Ne5 22. Nd4 Ng4 23. Rd2 Qe8 24. Qf3 Rg5 25.
Qf4 Nxh2 26. Kxh2 Qh5+ 27. Kg1 Qh3 28. Qh2 Qg4 29. Re1 Re5 30. Qf4 Qh3 31. Re3 Qh5 32. Nf5 Rg4 33. Qh2 Qg5 34. Rde2 Rxd5 35. exd5 Bb6 36. Qxd6+ Ka7 37. Qe6 Rf4 38. Ng3 Qxg3 39. Qxb6+ 1-0